 Dungeon Crawl Stone Soup version 0.23.1-37-gaa34b87 (webtiles) character file.

Game seed: 10618247372031616750

315 snowfan the Firebug (level 6, 0/41 HPs)
             Began as a Mummy Fire Elementalist on Mar 22, 2019.
             Slain by a gnoll (5 damage)
             ... on level 4 of the Dungeon.
             The game lasted 00:11:09 (3032 turns).

snowfan the Firebug (Mummy Fire Elementalist)       Turns: 3032, Time: 00:11:10

Health: 0/41       AC:  3    Str: 17    XL:     6   Next: 20%
Magic:  1/10       EV: 12    Int: 16    God:
Gold:   102        SH:  0    Dex: 12    Spells: 9/10 levels left

rFire    x . .     SeeInvis .   f - +0 hunting sling
rCold    + . .     Gourm    .   (no shield)
rNeg     + + +     Faith    .   a - +0 robe
rPois    ∞         Spirit   .   p - +0 helmet
rElec    .         Reflect  .   (no cloak)
rCorr    .         Harm     .   (no gloves)
MR       +....                  (no boots)
Stlth    ++........             (no amulet)
HPRegen  0.13/turn              k - +5 ring of strength
MPRegen  0.12/turn              n - ring of protection from magic

@: no status effects
A: no food or potions, fire vulnerability, cold resistance 1, negative energy
resistance 3, torment resistance, unbreathing
a: no special abilities


You were on level 4 of the Dungeon.
You were not hungry.

You visited 1 branch of the dungeon, and saw 5 of its levels.

You collected 102 gold pieces.

Inventory:

Hand Weapons
 c - a +0 whip
 f - a +0 hunting sling (weapon)
Missiles
 b - 86 stones
 t - 5 sling bullets (quivered)
Armour
 a - a +0 robe (worn)
 i - a +0 buckler
 p - a +0 helmet (worn)
Jewellery
 k - a +5 ring of strength (left hand)
 n - a ring of protection from magic (right hand)
Scrolls
 d - 5 scrolls of identify {unknown}
 e - 3 scrolls of magic mapping {unknown}
 g - a scroll of enchant armour {unknown}
 h - a scroll of fog {unknown}
 j - 2 scrolls of blinking {unknown}
 l - 2 scrolls of remove curse {unknown}
 m - a scroll of amnesia {unknown}
 o - a scroll of random uselessness {unknown}
 q - 2 scrolls of immolation {unknown}
 r - a scroll of enchant weapon {unknown}
 s - a scroll of fear {unknown}


   Skills:
 - Level 1.5 Dodging
 - Level 1.5 Stealth
 - Level 2.6 Spellcasting
 + Level 3.6 Conjurations
 + Level 4.4 Fire Magic


You had 9 spell levels left.
You knew the following spells:

 Your Spells              Type           Power        Failure   Level  Hunger
a - Flame Tongue          Conj/Fire      ###..        3%          1    N/A

Your spell library contained the following spells:

 Spells                   Type           Power        Failure   Level  Hunger
 Throw Flame              Conj/Fire      ###...       5%          2    N/A
 Conjure Flame            Conj/Fire      ###.....     11%         3    N/A
 Inner Flame              Hex/Fire       #.......     24%         3    N/A
 Sticky Flame             Conj/Fire      ###.....     36%         4    N/A
 Fireball                 Conj/Fire      ###.......   71%         5    N/A

Dungeon Overview and Level Annotations

Branches:
Dungeon (5/15)
 Temple: D:4-7

Altars:
Dithmenos
Gozag
Okawaru


Innate Abilities, Weirdness & Mutations

You do not eat or drink.
Your flesh is vulnerable to fire.
You are immune to poison.
Your flesh is cold resistant. (rC+)
You are immune to negative energy. (rN+++)
You are immune to unholy pain and torment.
You can survive without breathing.


Message History

Press: ? - help, Shift-Dir - straight line, f - gnoll
Aim: a gnoll The flame tongue hits the gnoll.
The gnoll is lightly wounded.
The gnoll hits you but does no damage.
Casting: Flame Tongue (safe; 3% risk of failure)
Confirm with . or Enter, or press ? or * to list all spells.
Aiming: Flame Tongue (safe; 3% risk of failure)
Press: ? - help, Shift-Dir - straight line, f/p - gnoll
Aim: a gnoll (lightly wounded)
The flame tongue hits the gnoll.
The gnoll is moderately wounded.
The gnoll barely misses you.
Casting: Flame Tongue (safe; 3% risk of failure)
Confirm with . or Enter, or press ? or * to list all spells.
Aiming: Flame Tongue (safe; 3% risk of failure)
Press: ? - help, Shift-Dir - straight line, f/p - gnoll
Aim: a gnoll (moderately wounded)
The flame tongue misses the gnoll.
The gnoll hits you.
You die...

###### #..<.# ###
#.####
#.##########.#
#####............#
..........[.....@#
##..#.......####g#
....#.......# #.#
.##.#.###...# #.#
.##.#.......####.#
................>#
......##....######
.!#.#.##..#.#
..#.#.#.....#


You could see a gnoll.

Vanquished Creatures
  A bullfrog (D:4)
  A scorpion (D:3)
  A centaur skeleton (D:3)
  An orc wizard (D:4)
  Natasha (twice) (D:2)
  An adder (D:3)
  A worm (D:2)
  4 leopard geckos
  7 orcs
  4 giant cockroaches
  5 goblins (D:1)
  8 hobgoblins
  3 jackals (D:3)
  11 kobolds
  A ball python (D:4)
  10 bats
  5 frilled lizards
  7 rats
73 creatures vanquished.

Notes
Turn   | Place    | Note
-------+----------+-------------------------------------------
     0 | D:1      | snowfan the Mummy Fire Elementalist began the quest for the
                  | Orb.
     0 | D:1      | Reached XP level 1. HP: 13/13 MP: 4/4
    64 | D:1      | Reached skill level 1 in Conjurations
   277 | D:1      | Reached XP level 2. HP: 19/19 MP: 0/5
   907 | D:1      | Reached skill level 3 in Fire Magic
   964 | D:1      | Reached XP level 3. HP: 24/24 MP: 2/7
  1543 | D:2      | Noticed Natasha
  1554 | D:2      | Killed Natasha
  1554 | D:2      | Reached XP level 4. HP: 8/30 MP: 0/8
  1701 | D:2      | Noticed Natasha
  1880 | D:2      | Killed Natasha
  2315 | D:3      | Reached XP level 5. HP: 17/35 MP: 0/9
  2632 | D:3      | Reached skill level 4 in Fire Magic
  2772 | D:3      | Found an iron altar of Okawaru.
  2774 | D:3      | Found an opulent altar of Gozag.
  2957 | D:4      | Found a shadowy altar of Dithmenos.
  3002 | D:4      | Reached XP level 6. HP: 7/41 MP: 0/10
  3022 | D:5      | Entered Level 5 of the Dungeon
  3032 | D:4      | Slain by a gnoll

Skill      XL: |  1  2  3  4  5 |
---------------+----------------+-----
Conjurations   | 1 2 3 |  3.6
Fire Magic     | 3 4 |  4.4
Dodging        | |  1.5
Stealth        | |  1.5
Spellcasting   | |  2.6

Action                   |  1- 3 |  4- 6 || total
-------------------------+-------+-------++-------
Melee: Whip              |     2 |       ||     2
 Fire: Hunting sling     |    45 |    46 ||    91
 Cast: Flame Tongue      |    54 |    64 ||   118
Armor: Robe              |    14 |     7 ||    21
Dodge: Dodged            |    22 |    29 ||    51
